 Dungeon Crawl Stone Soup version 0.23.2-33-g5129a83184 (webtiles) character file.

Game seed: 191574385435077446

86 Kold the Firebug (level 4, 0/24 HPs)
             Began as a Deep Elf Fire Elementalist on July 3, 2019.
             Slain by a slave (6 damage)
             ... led by Pikel
             ... on level 3 of the Dungeon.
             The game lasted 00:04:59 (2132 turns).

Kold the Firebug (Deep Elf Fire Elementalist)       Turns: 2132, Time: 00:05:00

Health: 0/24       AC:  3    Str:  5    XL:     4   Next: 26%
Magic:  6/12       EV: 13    Int: 21    God:
Gold:   121        SH:  0    Dex: 15    Spells: 10/11 levels left

rFire    . . .     SeeInvis .   b - +0 hand axe
rCold    . . .     Gourm    .   (no shield)
rNeg     . . .     Faith    .   a - +0 robe
rPois    +         Spirit   .   (no helmet)
rElec    .         Reflect  .   (no cloak)
rCorr    .         Harm     .   (no gloves)
MR       .....                  k - +0 pair of boots
Stlth    ++........             l - amulet of the acrobat
HPRegen  0.08/turn              e - ring of poison resistance
MPRegen  0.13/turn              (no ring)

@: no status effects
A: no striking features
a: no special abilities


You were on level 3 of the Dungeon.
You were not hungry.

You visited 1 branch of the dungeon, and saw 4 of its levels.

You collected 121 gold pieces.

Inventory:

Hand Weapons
 b - a +0 hand axe (weapon)
Armour
 a - a +0 robe (worn)
 k - a +0 pair of boots (worn)
 u - a +2 buckler
Jewellery
 e - a ring of poison resistance (left hand)
 i - an uncursed amulet of the gourmand
 l - an amulet of the acrobat (around neck)
 m - a +3 ring of protection {unknown}
Scrolls
 d - a scroll of noise {unknown}
 f - 2 scrolls of remove curse {unknown}
 g - 5 scrolls of identify {unknown}
 h - a scroll of magic mapping {unknown}
 j - a scroll of fog {unknown}
 o - a scroll of amnesia {unknown}
 p - a scroll of blinking {unknown}
 v - a scroll of enchant weapon {unknown}
Potions
 n - a potion of flight {unknown}
 q - 2 potions of haste {unknown}
 r - 2 potions of curing {unknown}
 s - a potion of brilliance {unknown}
Comestibles
 c - 7 rations
 t - a chunk of flesh


   Skills:
 - Level 2.4 Dodging
 - Level 2.4 Stealth
 + Level 0.1 Shields
 - Level 4.0 Spellcasting
 + Level 2.8 Conjurations
 + Level 4.3 Fire Magic


You had 10 spell levels left.
You knew the following spells:

 Your Spells              Type           Power        Failure   Level  Hunger
a - Flame Tongue          Conj/Fire      ###..        2%          1    None

Your spell library contained the following spells:

 Spells                   Type           Power        Failure   Level  Hunger
 Throw Flame              Conj/Fire      ###...       4%          2    #......
 Conjure Flame            Conj/Fire      ###.....     9%          3    ###....
 Inner Flame              Hex/Fire       ##......     16%         3    ###....
 Sticky Flame             Conj/Fire      ###.....     26%         4    ####...
 Fireball                 Conj/Fire      ###.......   58%         5    ######.


Dungeon Overview and Level Annotations

Branches:
Dungeon (4/15)
 Temple: D:4-7

Altars:
Zin

Annotations:
D:4 Pikel


Message History

Confirm with . or Enter, or press ? or * to list all spells.
Aiming: Flame Tongue (safe; 2% risk of failure)
Press: ? - help, Shift-Dir - straight line, f/p - slave
Aim: a slave, wearing a +0 animal skin (moderately wounded)
The flame tongue hits the slave.
The slave is heavily wounded.
The slave barely misses you.
Casting: Flame Tongue (safe; 2% risk of failure)
Confirm with . or Enter, or press ? or * to list all spells.
Aiming: Flame Tongue (safe; 2% risk of failure)
Press: ? - help, Shift-Dir - straight line, f/p - slave
Aim: a slave, wearing a +0 animal skin (heavily wounded)
The flame tongue misses the slave.
The slave barely misses you.
Casting: Flame Tongue (safe; 2% risk of failure)
Confirm with . or Enter, or press ? or * to list all spells.
Aiming: Flame Tongue (safe; 2% risk of failure)
Press: ? - help, Shift-Dir - straight line, f/p - slave
Aim: a slave, wearing a +0 animal skin (heavily wounded)
The flame tongue misses the slave.
The slave hits you.
You die...

# #
##################
#.................
#.##############.#
#.# #..... #.#
#.###'
#.###########.# #.
#@p...........###.
####'#########.'.._
#.....########.####
#.....'....(...# ##
#.....####.##..####
#.....'....###..)..
#.....###### ####.#
#.....### #####.#
#.......# ###.....#


You could see a slave.

Vanquished Creatures
  2 adders (D:2)
  2 oozes
  3 worms
  A dart slug (D:1)
  2 giant cockroaches
  4 goblins
  13 hobgoblins
  4 bats
  3 frilled lizards
  6 kobolds
  7 rats
47 creatures vanquished.

Notes
Turn   | Place    | Note
-------+----------+-------------------------------------------
     0 | D:1      | Kold the Deep Elf Fire Elementalist began the quest for the
                  | Orb.
     0 | D:1      | Reached XP level 1. HP: 10/10 MP: 6/6
   160 | D:1      | Reached XP level 2. HP: 14/15 MP: 5/8
   655 | D:1      | Reached XP level 3. HP: 19/19 MP: 8/10
  1537 | D:3      | Reached XP level 4. HP: 23/24 MP: 2/12
  1785 | D:3      | Found a glowing silver altar of Zin.
  2105 | D:4      | Noticed Pikel
  2105 | D:4      | Noticed a slave
  2106 | D:4      | Noticed a slave
  2106 | D:4      | Noticed a slave
  2107 | D:4      | Noticed a slave
  2132 | D:3      | Slain by a slave

Skill      XL: |  1  2  3 |
---------------+----------+-----
Conjurations   | 2 |  2.8
Fire Magic     | 4 |  4.3
Spellcasting   | 4 |  4.0
Dodging        | |  2.4
Stealth        | |  2.4
Shields        | |  0.1

Action                   |  1- 3 |  4- 6 || total
-------------------------+-------+-------++-------
Melee: Hand axe          |     2 |       ||     2
 Cast: Flame Tongue      |    69 |    31 ||   100
  Eat: Chunk             |     4 |     2 ||     6
Armor: Robe              |     3 |     1 ||     4
Dodge: Dodged            |    17 |     8 ||    25
